 Dungeon Crawl Stone Soup version 0.20.0-15-g7f486f2 (webtiles) character file.

674 dricus the Grappler (level 7, -8/66 HPs)
             Began as a Troll Monk on June 12, 2017.
             Mangled by a two-headed ogre
             ... wielding a +0 giant club
              (14 damage)
             ... on level 6 of the Dungeon.
             The game lasted 00:05:53 (3487 turns).

dricus the Grappler (Troll Monk)                    Turns: 3487, Time: 00:05:54

Health: -8/66      AC:  5    Str: 20    XL:     7   Next: 33%
Magic:  6/6        EV: 10    Int:  7    God:
Gold:   277        SH:  0    Dex: 13    Spells: 6/6 levels left

rFire    + + .     SeeInvis .     - Unarmed
rCold    . . .     Gourm    +   (no shield)
rNeg     . . .     Faith    .   o - +0 robe {rF+}
rPois    .         Spirit   .   (helmet restricted)
rElec    .         Reflect  .   (no cloak)
rCorr    +         Harm     .   (gloves unavailable)
MR       .....                  (boots unavailable)
Stlth    ++........             (no amulet)
Regen    0.7/turn               h - ring of protection from fire
MPRegen  0.1/turn               g - ring of resist corrosion

@: very slightly contaminated, invisible
A: unfitting armour, claws 3, fast metabolism 3, gourmand, regeneration 1,
shaggy fur 1, tough skin 2
a: no special abilities


You were on level 6 of the Dungeon.
You were completely stuffed.

You visited 1 branch of the dungeon, and saw 6 of its levels.

You collected 277 gold pieces.

Inventory:

Hand Weapons
 a - a +1 hunting sling
Missiles
 e - 212 stones (quivered)
 u - 35 sling bullets
Armour
 o - a +0 robe of fire resistance (worn)
Jewellery
 g - a ring of resist corrosion (right claw)
 h - a ring of protection from fire (left claw)
Scrolls
 d - a scroll of remove curse
 f - 4 scrolls of teleportation
 m - a scroll of fog
 p - a scroll of identify {@r9}
 q - a scroll of blinking {unknown}
 r - a scroll of noise {unknown}
 s - a scroll of recharging
 t - a scroll of amnesia
Potions
 i - a potion of heal wounds {@q0}
 j - 2 potions of curing
 k - a potion of lignification
 l - a potion of invisibility
 v - a potion of haste
 w - a potion of berserk rage
Comestibles
 b - 3 bread rations
 c - 4 royal jellies
 n - a fruit
 x - 2 chunks of flesh
 z - a meat ration


   Skills:
 - Level 2.4 Fighting
 - Level 2.4 Dodging
 - Level 1.0 Stealth
 + Level 8.6 Unarmed Combat


You had 6 spell levels left.
You didn't know any spells.

Dungeon Overview and Level Annotations

Branches:
Dungeon (6/15)
 Temple: D:4-7

Altars:
Hepliaklqana
Qazlal
Ru
Trog
Xom


Innate Abilities, Weirdness & Mutations

You are too large for most types of armour.
You have claws for hands.
Your metabolism is lightning-fast.
You like to eat raw meat.
Your natural rate of healing is unusually fast.
You are covered in fur. (AC +1)
You have very tough skin. (AC +2)


Message History

You see here a jackal skeleton. x2
z - a meat ration A two-headed ogre comes into view.
It is wielding two giant clubs.
A two-headed ogre is nearby!
The two-headed ogre shouts in stereo!
You see here a jackal skeleton.
There is a stone staircase leading up here.
You fade into invisibility!
You are very lightly contaminated with residual magic.
You mangle the two-headed ogre!!
The two-headed ogre is heavily wounded.
The two-headed ogre hits you with a giant club!! x2
* * * LOW HITPOINT WARNING * * *
You are too injured to fight recklessly!
You closely miss the two-headed ogre.
The two-headed ogre is heavily wounded.
The two-headed ogre hits you with a giant club.
* * * LOW HITPOINT WARNING * * *
The two-headed ogre hits you with a giant club!
You die...

#..# #..# #..# #..#
# #..####### #.
####...<..... ..
#..รท.........
#.#.#.#O###........
.......@# #.#.####.
#.#.#.### #.#># ...
#.# # #.# #.# #.
#.# # #[# ... #.#
#.#


You could see a two-headed ogre.

Vanquished Creatures
  A phantom (D:4)
  A sky beast (D:5)
  The ghost of manyhoops the Twirler, an amateur BaGl (D:3)
  A crimson imp (D:5)
  A hound (D:4)
  An orc wizard (D:5)
  Jessica (D:2)
  Terence (D:2)
  2 worker ants (D:4)
  A killer bee zombie (D:5)
  A hound zombie (D:5)
  3 gnolls
  7 adders
  3 oozes
  4 worms (D:2)
  2 leopard geckos
  7 orcs
  5 giant cockroaches
  5 goblins
  5 hobgoblins
  4 jackals (D:6)
  8 kobolds
  A quokka (D:2)
  5 bats
  3 frilled lizards
  A jackal skeleton (D:4)
  12 rats
87 creatures vanquished.

Notes
Turn   | Place    | Note
-------+----------+-------------------------------------------
     0 | D:1      | dricus the Troll Monk began the quest for the Orb.
     0 | D:1      | Reached XP level 1. HP: 22/22 MP: 0/0
   407 | D:1      | Reached XP level 2. HP: 29/29 MP: 1/1
   641 | D:2      | Reached skill level 4 in Unarmed Combat
   648 | D:2      | Noticed Terence
   663 | D:2      | Killed Terence
   663 | D:2      | Reached XP level 3. HP: 15/36 MP: 2/2
   944 | D:2      | Reached XP level 4. HP: 38/44 MP: 3/3
   966 | D:2      | Reached skill level 5 in Unarmed Combat
  1111 | D:2      | Noticed Jessica
  1135 | D:2      | Killed Jessica
  1317 | D:2      | Found a hazy altar of Hepliaklqana.
  1451 | D:3      | Reached XP level 5. HP: 49/50 MP: 4/4
  1645 | D:3      | Reached skill level 6 in Unarmed Combat
  1810 | D:3      | Found a bloodstained altar of Trog.
  2143 | D:3      | Noticed manyhoops's ghost (amateur BaGl)
  2157 | D:3      | Killed manyhoops's ghost
  2157 | D:3      | Reached XP level 6. HP: 46/59 MP: 5/5
  2266 | D:4      | Reached skill level 7 in Unarmed Combat
  2403 | D:4      | Found a sacrificial altar of Ru.
  2478 | D:4      | Found a stormy altar of Qazlal.
  2827 | D:5      | Entered Level 5 of the Dungeon
  2898 | D:5      | Found a shimmering altar of Xom.
  3076 | D:5      | Reached skill level 8 in Unarmed Combat
  3076 | D:5      | Reached XP level 7. HP: 50/66 MP: 6/6
  3479 | D:6      | Noticed a two-headed ogre
  3487 | D:6      | Mangled by a two-headed ogre

Skill      XL: |  1  2  3  4  5  6 |
---------------+-------------------+-----
Unarmed Combat | 4 5 6 8 |  8.6
Fighting       | |  2.4
Dodging        | |  2.4
Stealth        | |  1.0

Action                   |  1- 3 |  4- 6 |  7- 9 || total
-------------------------+-------+-------+-------++-------
Melee: Unarmed           |    80 |   158 |    34 ||   272
       Punch             |     1 |     1 |     1 ||     3
 Fire: Hunting sling     |       |     7 |       ||     7
  Use: Scroll            |       |    13 |       ||    13
       Potion            |       |       |     1 ||     1
 Stab: Sleeping          |     1 |     2 |     1 ||     4
  Eat: Chunk             |    14 |    15 |     8 ||    37
Armor: Robe              |    24 |    51 |     9 ||    84
Dodge: Dodged            |    47 |    87 |     9 ||   143
